 Dungeon Crawl Stone Soup version 0.29-a0-266-gf56f883ddd (webtiles) character file.

Game seed: 9322175571399126684

13765 Zonian the Frost Mage (level 11, -2/68 HPs)
             Began as a Demonspawn Ice Elementalist on Mar 7, 2022.
             Was a Believer of Ashenzari.
             Slain by a two-headed ogre
             ... wielding a +0 giant club
              (26 damage)
             ... on level 11 of the Dungeon.
             The game lasted 00:42:35 (16551 turns).

Zonian the Frost Mage (DsIE)                       Turns: 16551, Time: 00:42:36

Health: -2/68      AC: 14    Str:  8    XL:     11   Next: 79%
Magic:  21/25      EV: 13    Int: 19    God:    Ashenzari [**....]
Gold:   210        SH:  5    Dex: 11    Spells: 13/30 levels left

rFire   + . .      SeeInvis +   D - +5 short sword (freeze)
rCold   + . .      Faith    .   (no shield)
rNeg    . . .      Spirit   .   T - +3 troll leather armour "Stars of the Bound God" {Regen+, Alch, Self} (curse)
rPois   +          Reflect  +   (helmet restricted)
rElec   .          Harm     .   l - scarf "Lethargy of the Cosmos" {shadows, Comp, Elem} (curse)
rCorr   .          Rampage  .   (no gloves)
Will    .....                   (no boots)
Stlth   +++.......              d - amulet "I Knew You'd Do That" {Reflect SH+5, Evo, Cun} (curse)
HPRegen 1.01/turn               g - +4 ring of protection
MPRegen 0.19/turn               F - ring of Ashenzari's Jealousy {rPois rF+ rC+ Dex-5, Cun, Alch} (curse)

@: freezing walls
A: horns 1, yellow scales 2, powered by death 1, demonic magic 1
a: Renounce Religion, Curse Item, Shatter the Chains


You were on level 11 of the Dungeon.
You worshipped Ashenzari.
Ashenzari was pleased with you.
You visited 2 branches of the dungeon, and saw 12 of its levels.
You also visited: Bailey.

You collected 631 gold pieces.
You spent 421 gold pieces at shops.

Inventory:

Hand Weapons
 m - a +0 rapier of venom
 o - a +3 whip of venom
 D - a +5 short sword of freezing (weapon)
 K - a +1 short sword of draining
 N - a +1 dagger of electrocution
 R - a +3 short sword of venom
Missiles
 t - 13 javelins
 J - 2 throwing nets
 O - 6 curare-tipped darts
 S - 4 datura-tipped darts
Armour
 a - a +0 robe
 i - a +2 robe of willpower
 l - the cursed scarf "Lethargy of the Cosmos" (worn) {shadows, Comp, Elem}
   (You found it on level 2 of the Dungeon)

   It has a curse which improves the following skills: Companions: Summonings
   and Necromancy.
   Elements:  Fire Magic, Ice Magic, Air Magic and Earth Magic.
 s - a scarf of invisibility
 C - a +0 cloak
 T - the cursed +3 troll leather armour "Stars of the Bound God" (worn) {Regen+, Alch, Self}
   (You found it on level 10 of the Dungeon)

   Regen:     It increases your rate of health regeneration.
   It has a curse which improves the following skills: Alchemy: Poison Magic and
   Transmutations.
   Introspection: Fighting and Spellcasting.
 U - +0 steam dragon scales
Magical Staves
 x - a staff of cold
Jewellery
 d - the cursed amulet "I Knew You'd Do That" (around neck) {Reflect SH+5, Evo, Cun}
   (You found it on level 2 of the Dungeon)

   [amulet of reflection]

   It reflects blocked missile attacks.
   SH:        It affects your SH (+5).
   It has a curse which improves the following skills: Evocations: Evocations.
   Cunning:   Dodging and Stealth.
 g - a +4 ring of protection (left hand)
 q - a ring of resist corrosion
 w - a ring of protection from cold
 F - the cursed ring of Ashenzari's Jealousy (right hand) {rPois rF+ rC+ Dex-5, Cun, Alch}
   (You found it on level 7 of the Dungeon)

   [ring of protection from fire]

   Dex:       It affects your dexterity (-5).
   rF:        It protects you from fire.
   rC:        It protects you from cold.
   rPois:     It protects you from poison.
   It has a curse which improves the following skills: Cunning: Dodging and
   Stealth.
   Alchemy:   Poison Magic and Transmutations.
Wands
 n - a wand of flame (12)
 u - a wand of digging (3)
 B - a wand of acid (5)
 H - a wand of iceblast (9)
Scrolls
 j - a scroll of magic mapping
 r - a scroll of blinking
 v - 5 scrolls of teleportation
 y - a scroll of brand weapon
 E - 6 scrolls of identify
 I - 6 scrolls of fear
 P - a scroll of enchant weapon
 V - a scroll of fog
Potions
 b - 2 potions of magic
 c - 8 potions of curing
 e - 4 potions of brilliance
 f - 3 potions of cancellation
 h - 3 potions of flight
 k - 8 potions of mutation
 p - 5 potions of resistance
 z - a potion of ambrosia
 A - 2 potions of berserk rage
 G - a potion of invisibility
 L - 3 potions of might
 M - a potion of heal wounds
 W - a potion of haste
Miscellaneous
 Q - a piece from Xom's chessboard (15/15)


   Skills:
 + Level 7.5 Short Blades
 - Level 1.4 Maces & Flails
 - Level 4.2(6.0) Dodging
 - Level 4.5(6.3) Stealth
 + Level 9.1(10.3) Spellcasting
 + Level 6.7 Conjurations
 + Level 9.6(10.9) Ice Magic
 + Level 2.9(4.0) Air Magic
 + Level 1.5(2.8) Poison Magic
 + Level 3.8(4.9) Evocations


You had 13 spell levels left.
You knew the following spells:

 Your Spells              Type           Power      Damage    Failure   Level
a - Freeze                Ice            100%       1d11      1%          1
b - Frozen Ramparts       Ice            100%       1d12      1%          3
c - Ozocubu's Armour      Ice            50%        N/A       1%          3
d - Hailstorm             Conj/Ice       43%        3d10      2%          4
e - Swiftness             Air            25%        N/A       6%          3
f - Mephitic Cloud        Conj/Pois/Air  27%        N/A       4%          3

Your spell library contained the following spells:

 Spells                   Type           Power      Damage    Failure   Level
 Magic Dart               Conj           100%       1d8       1%          1
 Ensorcelled Hibernation  Hex/Ice        60%        N/A       1%          2
 Passwall                 Tmut/Erth      8%         N/A       14%         2
 Call Imp                 Summ           10%        N/A       16%         2
 Spider Form              Tmut/Pois      15%        N/A       17%         3
 Gell's Gravitas          Tloc           9%         N/A       30%         3
 Lesser Beckoning         Tloc           9%         N/A       30%         3
 Teleport Other           Tloc           9%         N/A       30%         3
 Anguish                  Hex/Necr       5%         N/A       71%         4


Dungeon Overview and Level Annotations

Branches:
Dungeon (11/15)            Temple (1/1) D:6          Bailey (visited)
   Lair: D:8-11         Orc: D:9-12

Altars:
Ashenzari
Cheibriados
Dithmenos
Elyvilon
Fedhas
Gozag
Hepliaklqana
Kikubaaqudgha
Makhleb
Nemelex Xobeh
Okawaru
Qazlal
Ru
Sif Muna
Trog
Uskayaw
Vehumet
Wu Jian
Xom
Yredelemnul
Zin
The Shining One

Shops:
D:5 *(:?   D:9 (

Annotations:
D:7 2 transporters, sammy202020's ghost, novice GrBe
D:10 exclusion: 2 oklob plants
D:11 Psyche


Innate Abilities, Weirdness & Mutations

You have a pair of small horns on your head.
You are mostly covered in yellow scales. (AC +3)
You regenerate a little health from kills.
Spells you cast may paralyse adjacent enemies.


Message History

A two-headed ogre comes into view. It is wielding two +0 giant clubs.
A two-headed ogre is nearby!
Unknown command.
The two-headed ogre shouts in stereo!
You hit the two-headed ogre but do no damage.
Your headbutt misses the two-headed ogre.
You block the two-headed ogre's attack.
The two-headed ogre hits you with a +0 giant club!
Unknown command.
Casting: Frozen Ramparts (safe; 1% risk of failure)
Confirm with . or Enter, or press ? or * to list all spells.
Casting: Frozen Ramparts (safe; 1% risk of failure)
Press: ? - help, Dir - look around, f - activate The walls around you are covered in ice.
Malevolent energies surge around you.
Unknown command.
You hit the two-headed ogre. You freeze the two-headed ogre.
You headbutt the two-headed ogre.
The two-headed ogre is lightly wounded.
The wall freezes the two-headed ogre!
The two-headed ogre hits you with a +0 giant club! x2
You hit the two-headed ogre but do no damage.
The two-headed ogre is moderately wounded.
You barely miss the two-headed ogre.
Your headbutt misses the two-headed ogre.
The two-headed ogre is moderately wounded.
The wall freezes the two-headed ogre!
The two-headed ogre hits you with a +0 giant club!
The two-headed ogre hits you but does no damage.
Unknown command.
Casting: Frozen Ramparts (safe; 1% risk of failure)
Confirm with . or Enter, or press ? or * to list all spells.
Aiming: Freeze (safe; 1% risk of failure)
Press: ? - help, Shift-Dir - straight line, f - two-headed ogre
Aim: a two-headed ogre, wielding two +0 giant clubs (heavily wounded)
You freeze the two-headed ogre.
The two-headed ogre is heavily wounded.
Malevolent energies surge around you.
The wall freezes the two-headed ogre!
The two-headed ogre hits you with a +0 giant club!!
You die...

* *, . * * . * .. ., *
, # ,, ,.#.# * , , # ,
*##.#. , * * # ,, ,
#... , , * # , ,, *
#..# #,* , * * ,# , *
#O.#.# * , # *
#@.#.#.# * **,# * ,,
#..#.#.#.#.,*, * # ,
#........., ** ,
##.......,,,#.##.# ,
#.#.#..##..#.##.# ,,
#.#.#..##..#.##.# ,
#...#..##>.#....#
*#######.....#..#.##..
........#...#..#.##.#


You could see a two-headed ogre.

Vanquished Creatures
  A two-headed ogre (Bailey)
  Nergalle (D:11)
  Maurice (D:11)
  A kobold demonologist (D:9)
  2 trolls (D:10)
  5 spriggans (Bailey)
  26 yaks
  A basilisk (D:11)
  3 steam dragons
  A floating eye (D:10)
  4 orc warriors
  3 sky beasts
  A black bear (D:8)
  3 ice beasts
  11 ogres
  8 centaurs
  2 phantoms
  21 kobold brigands
  4 bullfrogs
  A gnoll sergeant (D:9)
  A scorpion (D:5)
  A necrophage (D:4)
  8 wights
  4 killer bees (D:10)
  A howler monkey (D:7)
  2 electric eels
  2 jellies (D:8)
  7 orc priests
  5 hounds
  5 gnoll shamans
  4 iguanas
  7 orc wizards
  18 gnolls
  3 adders
  A shadow imp (D:8)
  A white imp (D:7)
  3 ufetubi
  3 worms
  4 dart slugs
  27 orcs
  8 bats
  5 endoplasms
  3 giant cockroaches
  6 goblins
  5 hobgoblins
  4 jackals (D:1)
  3 quokkas
  4 ball pythons
  42 kobolds
  5 rats
292 creatures vanquished.

Vanquished Creatures (others)
  A kobold (D:9)
  6 fungi (D:8)
  17 plants
24 creatures vanquished.

Grand Total: 316 creatures vanquished

Notes
Turn   | Place    | Note
-------+----------+-------------------------------------------
     0 | D:1      | Zonian the Demonspawn Ice Elementalist began the quest for
                  | the Orb.
     0 | D:1      | Reached XP level 1. HP: 13/13 MP: 3/3
   311 | D:1      | Gained mutation: You have a pair of small horns on your
                  | head. [demonic ancestry]
   311 | D:1      | Reached XP level 2. HP: 15/19 MP: 0/5
  1091 | D:1      | Gained mutation: You are partially covered in yellow
                  | scales. (AC +2) [demonic ancestry]
  1091 | D:1      | Reached XP level 3. HP: 22/24 MP: 2/6
  1303 | D:2      | Found a faded altar of an unknown god.
  2177 | D:2      | Reached XP level 4. HP: 25/30 MP: 7/7
  2783 | D:3      | Learned a level 3 spell: Frozen Ramparts
  2787 | D:3      | Learned a level 3 spell: Ozocubu's Armour
  3317 | D:3      | Gained mutation: You regenerate a little health from kills.
                  | [demonic ancestry]
  3317 | D:3      | Reached XP level 5. HP: 35/35 MP: 6/9
  3500 | D:3      | Noticed a centaur
  3516 | D:3      | Killed a centaur
  3885 | D:3      | Gained mutation: Spells you cast may paralyse adjacent
                  | enemies. [demonic ancestry]
  3885 | D:3      | Reached XP level 6. HP: 29/41 MP: 6/10
  5308 | D:4      | Gained mutation: You are mostly covered in yellow scales.
                  | (AC +3) [demonic ancestry]
  5308 | D:4      | Reached XP level 7. HP: 46/46 MP: 8/12
  5484 | D:5      | Entered Level 5 of the Dungeon
  5556 | D:5      | Found Ydixtoza's Book Emporium.
  5560 | D:5      | Found Canlyps's Assorted Antiques.
  5568 | D:5      | Bought a metallic sapphire potion for 23 gold pieces
  5568 | D:5      | Bought a bubbling golden potion for 23 gold pieces
  5568 | D:5      | Bought a scroll labelled KONTEA WOGO for 26 gold pieces
  5647 | D:5      | Found Kooqico's Magic Scroll Boutique.
  5653 | D:5      | Bought a scroll of blinking for 97 gold pieces
  5681 | D:5      | Reached skill level 5 in Ice Magic
  6678 | D:5      | Found Pezoom's Weapon Boutique.
  6784 | D:6      | Found a staircase to the Ecumenical Temple.
  6815 | D:6      | Reached skill level 1 in Maces & Flails
  6843 | Temple   | Entered the Ecumenical Temple
  7290 | Temple   | Became a worshipper of Ashenzari the Shackled
  7494 | D:6      | Reached XP level 8. HP: 52/52 MP: 13/15
  7717 | D:6      | Reached skill level 1 in Short Blades
  7719 | D:6      | Reached skill level 5 in Spellcasting
  8699 | D:7      | Noticed sammy202020's ghost (novice GrBe)
  8707 | D:7      | Noticed a four-headed hydra
  8991 | D:7      | Found a transporter.
  8995 | D:7      | Found a transporter.
  9080 | D:7      | Reached XP level 9. HP: 57/57 MP: 18/18
  9203 | D:7      | Identified the ring "Jozu" {rPois rF+ rC+ Dex-5}
  9843 | D:8      | Reached * piety under Ashenzari
  9868 | D:8      | Found a shadowy altar of Dithmenos.
  9875 | D:8      | Learned a level 4 spell: Hailstorm
  9917 | D:8      | Reached skill level 1 in Conjurations
 10243 | D:8      | Reached skill level 5 in Short Blades
 10886 | D:8      | Reached XP level 10. HP: 57/63 MP: 20/20
 11639 | D:8      | Reached ** piety under Ashenzari
 12547 | D:9      | Noticed a sixfirhy
 12557 | D:9      | Reached skill level 5 in Conjurations
 12934 | D:9      | Found Woovea's Weapon Boutique.
 13206 | D:9      | Reached skill level 1 in Evocations
 13697 | D:10     | Entered Level 10 of the Dungeon
 13798 | D:10     | Found a flagged portal.
 13836 | Bailey   | Entered a bailey
 13857 | Bailey   | Reached XP level 11. HP: 68/68 MP: 23/23
 13966 | Bailey   | Learned a level 3 spell: Swiftness
 14159 | Bailey   | Noticed a two-headed ogre
 14165 | Bailey   | Killed a two-headed ogre
 14166 | Bailey   | Reached skill level 1 in Air Magic
 14674 | D:10     | Paralysed by a floating eye for 4 turns
 14681 | D:10     | Paralysed by a floating eye for 2 turns
 14905 | D:10     | Noticed an oklob plant
 14922 | D:10     | Noticed an oklob plant
 15695 | D:5      | Bought a book of Minor Magic for 252 gold pieces
 15699 | D:5      | Learned a level 3 spell: Mephitic Cloud
 15920 | D:11     | Noticed Nergalle
 15967 | D:11     | Reached skill level 1 in Poison Magic
 16175 | D:11     | Noticed Psyche
 16427 | D:11     | Killed Nergalle
 16504 | D:11     | Noticed Maurice
 16509 | D:11     | Killed Maurice
 16540 | D:11     | Noticed a two-headed ogre
 16551 | D:11     | Slain by a two-headed ogre

Illustrated notes

Levels and vault maps discovered:
D:1:      dpeg_arrival_tiny_e, layout_basic, hangedman_abyss_or_decor_stabs,
          minmay_misc_feat_secret_circle
D:2:      layout_basic, shapermc_ecumenical_altar_venn
D:3:      layout_loops_corners
D:4:      layout_cave_pods, serial_rivers, chequers_serial_rivers_micro_a,
          chequers_serial_rivers_micro_e, chequers_serial_rivers_large_b,
          chequers_serial_rivers_micro_c, chequers_serial_rivers_large_a,
          chequers_serial_rivers_room_b, hangedman_decor_points,
          minmay_misc_feat_plants
D:5:      layout_gridville, serial_shops, shop, shop, nicolae_shop_stone,
          nicolae_shop_crystal
D:6:      layout_loops_ring, minmay_temple_entry_large_hall,
          kennysheep_generic_room_4
D:7:      layout_basic, nzn_ghost_randoct
D:8:      kennysheep_seaside_town, layout_rooms, lemuel_crystal_altar,
          fountainhead, minmay_quadrilaterals
D:9:      layout_roguey [special_room_kobold], serial_bayou,
          serial_bayou_shore_b, serial_bayou_lake_a, serial_bayou_lagoon_a,
          serial_bayou_pond_d, serial_bayou_crossing, serial_shops,
          nicolae_square_shop, grunt_ministairs_15
D:10:     layout_grid_maze, enter_bailey_4, grunt_decor_arrowhead,
          disabler_island
D:11:     layout_basic, david_lair_generic, orc_0_dummy, lemuel_nasty_fountain,
          uniq_maurice, uniq_psyche, uniq_snorg, uniq_nergalle
Temple:   nicolae_temple_the_god_donut

Skill      XL: |  1  2  3  4  5  6  7  8  9 10 11 |
---------------+----------------------------------+-----
Dodging        | 2 3 4 |  4.2
Stealth        | 2 3 4 |  4.5
Ice Magic      | 4 5 6 8 9 |  9.6
Spellcasting   | 3 4 6 7 8 9 |  9.1
Maces & Flails | 1 |  1.4
Short Blades   | 3 5 6 7 |  7.5
Conjurations   | 3 5 6 |  6.7
Evocations     | 1 3 |  3.8
Air Magic      | 2 |  2.9
Poison Magic   | 1 |  1.5

Action                   |  1- 3 |  4- 6 |  7- 9 | 10-12 || total
-------------------------+-------+-------+-------+-------++-------
Melee: Unarmed           |    45 |       |       |       ||    45
       Headbutt          |    10 |    36 |    56 |    58 ||   160
       Whip              |    12 |   123 |    96 |       ||   231
       Punch             |       |     3 |     2 |     2 ||     7
       Rapier            |       |     5 |       |       ||     5
       Short sword       |       |       |   142 |   301 ||   443
       Staff             |       |       |     5 |       ||     5
 Cast: Freeze            |    43 |    12 |    18 |    19 ||    92
       Frozen Ramparts   |       |     3 |    13 |    36 ||    52
       Ozocubu's Armour  |       |       |     2 |     2 ||     4
       Hailstorm         |       |       |       |     7 ||     7
Invok: Curse Item        |       |       |     2 |     2 ||     4
Evoke: Wand              |       |       |     5 |     1 ||     6
  Use: Scroll            |     8 |     6 |     9 |     3 ||    26
       Potion            |       |       |     1 |       ||     1
 Stab: Sleeping          |     2 |     7 |     6 |     3 ||    18
       Paralysed         |       |     5 |    14 |    20 ||    39
Armor: Robe              |    27 |    32 |    83 |    32 ||   174
       Troll leather arm |       |       |       |    45 ||    45
Dodge: Dodged            |    75 |    67 |   121 |   176 ||   439
Block: Other             |       |    31 |    44 |    65 ||   140
       Reflection        |       |       |     1 |     6 ||     7

Table legend: (Time is in decaauts)
 A = Elapsed time spent in this place.
 B = Non-inter-level travel time spent in this place.
 C = Inter-level travel time spent in this place.
 D = Time resting spent in this place.
 E = Time spent auto-exploring this place.
 F = Levels seen in this place.
 G = Mean time per level.
                   A        B        C        D        E       F      G
               +--------+--------+--------+--------+--------+-----+--------+
         Total |  16617 |  16133 |    484 |   5119 |   7769 |  13 | 1278.2 |
       Dungeon |  15503 |  15044 |    459 |   4558 |   7525 |  11 | 1409.4 |
        Temple |    472 |    447 |     25 |    161 |    209 |   1 |  472.0 |
        Bailey |    641 |    641 |      0 |    400 |     35 |   1 |  641.0 |
               +--------+--------+--------+--------+--------+-----+--------+

Top non-repeatable levels by time:
     D:8: 2544 daAuts
     D:3: 1829 daAuts
     D:7: 1598 daAuts
     D:9: 1474 daAuts
     D:4: 1321 daAuts
     D:5: 1286 daAuts
     D:1: 1286 daAuts
    D:10: 1281 daAuts
     D:6: 1130 daAuts
     D:2: 1101 daAuts
    D:11: 648 daAuts
  Bailey: 641 daAuts
  Temple: 472 daAuts
